TOP OF THE 1ST |
Casper Ghosts batting - Pitching for Atlantic City Sonics : RHP Bill Tugwell
|
Pitching: RHP Bill Tugwell
|
|
Batting: RHB Warner Robinson
|
0-0: Called Strike 0-1: Ball 1-1: Swinging Strike 1-2: Foul Ball, location: 2F 1-2: Ball 2-2: Foul Ball, location: 2F 2-2: Foul Ball, location: 2F 2-2: Foul Ball, location: 2F 2-2: Ball 3-2: Foul Ball, location: 2F 3-2: Strikes out swinging
|
Batting: RHB Todd Sentell
|
0-0: Ball 1-0: Foul Ball, location: 2F 1-1: Ball 2-1: Swinging Strike 2-2: Strikes out swinging
|
Batting: LHB José Valéncia
|
0-0: Ball 1-0: Ground out 3-1 (Groundball, 34)
|
Top of the 1st over - 0 run(s), 0 hit(s), 0 error(s), 0 left on base; Casper 0 - Atlantic City 0 |
BOTTOM OF THE 1ST |
Atlantic City Sonics batting - Pitching for Casper Ghosts : RHP Jeremy de Vos
|
Pitching: RHP Jeremy de Vos
|
|
Batting: RHB José López
|
0-0: Called Strike 0-1: Swinging Strike 0-2: Hit by Pitch
|
Batting: LHB Russ Hanneman
|
0-0: Called Strike 0-1: Ball 1-1: Ball 2-1: Called Strike 2-2: DOUBLE (Groundball, 3L) José López to third
|
Batting: RHB Brady Bess
|
0-0: Ball 1-0: Fly out, F8 (Flyball, 78D) Runner from 3rd tags up, SCORES, no throw
|
Batting: LHB Todd Blankenburg
|
0-0: Called Strike 0-1: Swinging Strike 0-2: Fly out, F8 (Flyball, 8RD)
|
Batting: RHB Thurman Blumer
|
0-0: Ball 1-0: Ball 2-0: Ball Wild Pitch! Russ Hanneman to third 3-0: Called Strike 3-1: DOUBLE (Line Drive, 78D) Russ Hanneman scores
|
Batting: RHB Kevin Malone
|
0-0: Swinging Strike 0-1: Ball 1-1: SINGLE (Groundball, 6S) (infield hit) Thurman Blumer to third
|
Batting: RHB Senior Pond
|
0-0: Ball 1-0: Ball 2-0: Called Strike 2-1: Called Strike 2-2: Ball 3-2: SINGLE (Groundball, 6MD) Thurman Blumer scores Kevin Malone to second Kevin Malone to third
|
Batting: RHB Damon Grinter
|
0-0: Called Strike 0-1: Ball 1-1: Ball 2-1: Fly out, F8 (Flyball, 78M)
|
Bottom of the 1st over - 3 run(s), 4 hit(s), 0 error(s), 2 left on base; Casper 0 - Atlantic City 3 |
TOP OF THE 2ND |
Casper Ghosts batting - Pitching for Atlantic City Sonics : RHP Bill Tugwell
|
Batting: RHB Manny Maltby
|
0-0: Fly out, F9 (Flyball, 9LS)
|
Batting: LHB José Hernández
|
0-0: Fly out, F7 (Line Drive, 7)
|
Batting: RHB Félix Ramos
|
0-0: Ball 1-0: Foul Ball, location: 2F 1-1: Fly out, F7 (Flyball, 7)
|
Top of the 2nd over - 0 run(s), 0 hit(s), 0 error(s), 0 left on base; Casper 0 - Atlantic City 3 |
BOTTOM OF THE 2ND |
Atlantic City Sonics batting - Pitching for Casper Ghosts : RHP Jeremy de Vos
|
Batting: RHB Cristián Alfonso
|
0-0: Foul Ball, location: 2F 0-1: Swinging Strike 0-2: Ball 1-2: Foul Ball, location: 2F 1-2: Ball 2-2: Ball 3-2: Strikes out swinging
|
Batting: RHB José López
|
0-0: Called Strike 0-1: Called Strike 0-2: Ball 1-2: Hit by Pitch
|
Batting: LHB Russ Hanneman
|
0-0: Ball 1-0: Ball 2-0: Ball 3-0: Base on Balls José López to second
|
Batting: RHB Brady Bess
|
0-0: Ball 1-0: Foul Ball, location: 2F 1-1: Foul Ball, location: 2F 1-2: Ball 2-2: DOUBLE (Flyball, 89D) José López scores Russ Hanneman to third
|
Batting: LHB Todd Blankenburg
|
0-0: Ball 1-0: Fly out, F6 (Popup, 6D)
|
Batting: RHB Thurman Blumer
|
0-0: Foul Ball, location: 2F 0-1: Ground out 5-3 (Groundball, 56)
|
Bottom of the 2nd over - 1 run(s), 1 hit(s), 0 error(s), 2 left on base; Casper 0 - Atlantic City 4 |
TOP OF THE 3RD |
Casper Ghosts batting - Pitching for Atlantic City Sonics : RHP Bill Tugwell
|
Batting: RHB Roberto De La Cruz
|
0-0: SINGLE (Groundball, 6MD)
|
Batting: RHB Henry Appleby
|
0-0: Foul Ball, location: 2F 0-1: Ball 1-1: Foul Ball, location: 2F 1-2: Ball 2-2: Ball 3-2: Grounds into double play, 6-4-3 (Groundball, 6)
|
Batting: LHB Iemitsu Hatsutori
|
0-0: Foul Ball, location: 2F 0-1: Foul Ball, location: 2F 0-2: Ball 1-2: Ball 2-2: Fly out, F7 (Flyball, 7)
|
Top of the 3rd over - 0 run(s), 1 hit(s), 0 error(s), 0 left on base; Casper 0 - Atlantic City 4 |
BOTTOM OF THE 3RD |
Atlantic City Sonics batting - Pitching for Casper Ghosts : RHP Jeremy de Vos
|
Batting: RHB Kevin Malone
|
0-0: Ball 1-0: Ball 2-0: Foul Ball, location: 2F 2-1: Ball 3-1: Foul Ball, location: 2F 3-2: Strikes out looking
|
Batting: RHB Senior Pond
|
0-0: Ball 1-0: Ball 2-0: Ball 3-0: Called Strike 3-1: Base on Balls
|
Batting: RHB Damon Grinter
|
0-0: Swinging Strike 0-1: Called Strike 0-2: Ball Senior Pond is caught stealing 2nd base 1-2: Strikes out swinging
|
Bottom of the 3rd over - 0 run(s), 0 hit(s), 0 error(s), 0 left on base; Casper 0 - Atlantic City 4 |
TOP OF THE 4TH |
Casper Ghosts batting - Pitching for Atlantic City Sonics : RHP Bill Tugwell
|
Batting: RHB Warner Robinson
|
0-0: Ball 1-0: Ball 2-0: Called Strike 2-1: Foul Ball, location: 2F 2-2: Ball 3-2: Foul Ball, location: 2F 3-2: Strikes out swinging, 2-3 out at first.
|
Batting: RHB Todd Sentell
|
0-0: Called Strike 0-1: Ball 1-1: Swinging Strike 1-2: SINGLE (Popup, 34)
|
Batting: LHB José Valéncia
|
0-0: Called Strike 0-1: Foul Ball, location: 2F 0-2: Fly out, F9 (Flyball, 9S)
|
Batting: RHB Manny Maltby
|
0-0: Foul Ball, location: 2F 0-1: SINGLE (Groundball, 6MD) Todd Sentell to second Runner from 2nd tries for 3rd, SAFE, throw made to third Manny Maltby to second
|
Batting: LHB José Hernández
|
0-0: Fly out, F7 (Flyball, 7)
|
Top of the 4th over - 0 run(s), 2 hit(s), 0 error(s), 2 left on base; Casper 0 - Atlantic City 4 |
BOTTOM OF THE 4TH |
Atlantic City Sonics batting - Pitching for Casper Ghosts : RHP Jeremy de Vos
|
Batting: RHB Cristián Alfonso
|
0-0: Ball 1-0: Ball 2-0: Ball 3-0: Base on Balls
|
Batting: RHB José López
|
0-0: Called Strike 0-1: Fly out, F7 (Flyball, 7LMF)
|
Batting: LHB Russ Hanneman
|
0-0: Ball 1-0: Swinging Strike 1-1: SINGLE (Flyball, 8RS) Cristián Alfonso to second Runner from 2nd tries for 3rd, SAFE, throw made to third
|
Batting: RHB Brady Bess
|
0-0: Fly out, F6 (Popup, 6D)
|
Batting: LHB Todd Blankenburg
|
0-0: Ball 1-0: Ball 2-0: Ball 3-0: Called Strike 3-1: SINGLE (Line Drive, 8LS) Cristián Alfonso scores Russ Hanneman to second
|
Batting: RHB Thurman Blumer
|
0-0: Ball 1-0: Ball 2-0: Ball 3-0: Base on Balls Russ Hanneman to third Todd Blankenburg to second
|
Batting: RHB Kevin Malone
|
0-0: Ball 1-0: SINGLE (Line Drive, 34) Russ Hanneman scores Todd Blankenburg to third Thurman Blumer to second Runner from 3rd tries for Home, SAFE, throw made at trailing runner, OUT at third!
|
Bottom of the 4th over - 3 run(s), 3 hit(s), 0 error(s), 1 left on base; Casper 0 - Atlantic City 7 |
TOP OF THE 5TH |
Casper Ghosts batting - Pitching for Atlantic City Sonics : RHP Bill Tugwell
|
Batting: RHB Félix Ramos
|
0-0: Called Strike 0-1: Swinging Strike 0-2: Ball 1-2: Ball 2-2: Strikes out swinging
|
Batting: RHB Roberto De La Cruz
|
0-0: Fly out, F9 (Flyball, 89D)
|
Batting: RHB Henry Appleby
|
0-0: SINGLE (Line Drive, 7S)
|
Batting: LHB Iemitsu Hatsutori
|
0-0: Called Strike 0-1: Fly out, F7 (Flyball, 7S)
|
Top of the 5th over - 0 run(s), 1 hit(s), 0 error(s), 1 left on base; Casper 0 - Atlantic City 7 |
BOTTOM OF THE 5TH |
Atlantic City Sonics batting - Pitching for Casper Ghosts : RHP Jeremy de Vos
|
Pitching: RHP Ethan Martin
|
|
Batting: RHB Senior Pond
|
0-0: Foul Ball, location: 2F 0-1: Ball 1-1: Ball 2-1: Called Strike 2-2: Ball 3-2: Base on Balls
|
Batting: RHB Damon Grinter
|
0-0: Fly out, F8 (Flyball, 89M)
|
Batting: RHB Cristián Alfonso
|
0-0: Called Strike 0-1: Ball 1-1: Ball 2-1: Ball 3-1: Foul Ball, location: 2F 3-2: Fly out, F8 (Flyball, 8LM)
|
Batting: RHB José López
|
0-0: Ball 1-0: Ball 2-0: Ball 3-0: Base on Balls Senior Pond to second
|
Batting: LHB Russ Hanneman
|
0-0: Called Strike 0-1: Ball 1-1: Fly out, F9 (Flyball, 89M)
|
Bottom of the 5th over - 0 run(s), 0 hit(s), 0 error(s), 2 left on base; Casper 0 - Atlantic City 7 |
TOP OF THE 6TH |
Casper Ghosts batting - Pitching for Atlantic City Sonics : RHP Bill Tugwell
|
Batting: RHB Warner Robinson
|
0-0: Ball 1-0: Ground out 4-3 (Groundball, 4M)
|
Batting: RHB Todd Sentell
|
0-0: Ball 1-0: Called Strike 1-1: Foul Ball, location: 2F 1-2: Ball 2-2: Strikes out looking
|
Batting: LHB José Valéncia
|
0-0: Ball 1-0: Ball 2-0: Ground out 4-3 (Groundball, 4)
|
Top of the 6th over - 0 run(s), 0 hit(s), 0 error(s), 0 left on base; Casper 0 - Atlantic City 7 |
BOTTOM OF THE 6TH |
Atlantic City Sonics batting - Pitching for Casper Ghosts : RHP Ethan Martin
|
Batting: RHB Brady Bess
|
0-0: Foul Ball, location: 2F 0-1: Ground out 5-3 (Groundball, 5)
|
Batting: LHB Todd Blankenburg
|
0-0: DOUBLE (Groundball, 3L)
|
Batting: RHB Thurman Blumer
|
0-0: Called Strike 0-1: Called Strike 0-2: Ball 1-2: Reached on error, E5 (Groundball, 56) Todd Blankenburg to third
|
Batting: RHB Kevin Malone
|
0-0: Ball 1-0: SINGLE (Groundball, 6MD) Todd Blankenburg scores Thurman Blumer to second Runner from 2nd tries for 3rd, SAFE, no throw
|
Batting: RHB Senior Pond
|
0-0: Swinging Strike 0-1: SINGLE (Groundball, 4D) Thurman Blumer scores Kevin Malone to second Runner from 2nd tries for 3rd, SAFE, throw made to third
|
Batting: RHB Damon Grinter
|
0-0: Ball 1-0: Called Strike 1-1: Called Strike 1-2: Ground out U3 (Groundball, 3) Kevin Malone scores Senior Pond to second
|
Batting: RHB Cristián Alfonso
|
0-0: Ball 1-0: Ball 2-0: Foul Ball, location: 2F 2-1: TRIPLE (Line Drive, 8RM) Senior Pond scores
|
Pitching: RHP Ángelo Román
|
|
Batting: RHB José López
|
0-0: Swinging Strike 0-1: Called Strike 0-2: Ball 1-2: Ball 2-2: Fly out, F7 (Flyball, 7S)
|
Bottom of the 6th over - 4 run(s), 4 hit(s), 1 error(s), 1 left on base; Casper 0 - Atlantic City 11 |
TOP OF THE 7TH |
Casper Ghosts batting - Pitching for Atlantic City Sonics : RHP Bill Tugwell
|
Batting: RHB Manny Maltby
|
0-0: Ball 1-0: SINGLE (Flyball, 9S)
|
Batting: LHB José Hernández
|
0-0: Swinging Strike 0-1: Fly out, F9 (Flyball, 9S)
|
Batting: RHB Félix Ramos
|
0-0: Ball 1-0: Called Strike Manny Maltby steals 2nd base 1-1: Called Strike 1-2: Fly out, F9 (Flyball, 9S)
|
Batting: RHB Roberto De La Cruz
|
0-0: Called Strike 0-1: Called Strike 0-2: Ball 1-2: Strikes out looking
|
Top of the 7th over - 0 run(s), 1 hit(s), 0 error(s), 1 left on base; Casper 0 - Atlantic City 11 |
BOTTOM OF THE 7TH |
Atlantic City Sonics batting - Pitching for Casper Ghosts : RHP Ángelo Román
|
Batting: LHB Russ Hanneman
|
0-0: Ball 1-0: Foul Ball, location: 2F 1-1: Swinging Strike 1-2: SINGLE (Line Drive, 56D)
|
Batting: RHB Brady Bess
|
0-0: Called Strike 0-1: Foul Ball, location: 2F 0-2: Strikes out swinging
|
Pitching: LHP Pat Buchanan
|
|
Batting: LHB Todd Blankenburg
|
0-0: Called Strike 0-1: Foul Ball, location: 2F 0-2: Fielders Choice at 2nd, 1-4 (Groundball, 15S)
|
Batting: RHB Thurman Blumer
|
0-0: Fielders Choice at 2nd, 6-4 (Groundball, 6)
|
Bottom of the 7th over - 0 run(s), 1 hit(s), 0 error(s), 0 left on base; Casper 0 - Atlantic City 11 |
TOP OF THE 8TH |
Casper Ghosts batting - Pitching for Atlantic City Sonics : RHP Bill Tugwell
|
Batting: RHB Henry Appleby
|
0-0: Ball 1-0: Called Strike 1-1: Ball 2-1: Fly out, F9 (Flyball, 89S)
|
Pinch Hitting: SHB Tim Fowler
|
0-0: Called Strike 0-1: Ball 1-1: Called Strike 1-2: Ball 2-2: TRIPLE (Line Drive, 8RXD)
|
Batting: RHB Warner Robinson
|
0-0: Foul Ball, location: 2F 0-1: Called Strike 0-2: Foul Ball, location: 2F 0-2: Ball 1-2: Ball 2-2: Ball 3-2: Fly out, F3 (Line Drive, 3)
|
Batting: RHB Todd Sentell
|
0-0: Ball 1-0: Fly out, F9 (Flyball, 9LSF)
|
Top of the 8th over - 0 run(s), 1 hit(s), 0 error(s), 1 left on base; Casper 0 - Atlantic City 11 |
BOTTOM OF THE 8TH |
Atlantic City Sonics batting - Pitching for Casper Ghosts : LHP Pat Buchanan
|
Now at 1B: José Juárez
|
|
Batting: RHB Kevin Malone
|
0-0: Ball 1-0: Ball 2-0: Called Strike 2-1: Ball 3-1: SINGLE (Flyball, 78S)
|
Batting: RHB Senior Pond
|
|
Pinch Hitting: SHB Phil Moore
|
0-0: Ball 1-0: Swinging Strike 1-1: Foul Ball, location: 2F 1-2: Foul Ball, location: 2F 1-2: Foul Ball, location: 2F 1-2: Fielders Choice at 2nd, 6-4 (Groundball, 6)
|
Batting: RHB Damon Grinter
|
0-0: Ball Wild Pitch! Phil Moore to second 1-0: Fly out, F8 (Flyball, 8LM) Runner from 2nd tags up, SAFE at 3rd with throw
|
Batting: RHB Cristián Alfonso
|
0-0: Called Strike 0-1: Ball 1-1: Ball 2-1: Ball 3-1: Called Strike 3-2: Foul Ball, location: 2F 3-2: Fly out, F7 (Flyball, 7LS)
|
Bottom of the 8th over - 0 run(s), 1 hit(s), 0 error(s), 1 left on base; Casper 0 - Atlantic City 11 |
TOP OF THE 9TH |
Casper Ghosts batting - Pitching for Atlantic City Sonics : RHP Bill Tugwell
|
Now at SS: Jorge Figueroa
|
|
Batting: LHB José Valéncia
|
0-0: Ball 1-0: Foul Ball, location: 2F 1-1: Fly out, F3 (Line Drive, 34)
|
Batting: RHB Manny Maltby
|
0-0: Called Strike 0-1: Ball 1-1: Ball 2-1: Foul Ball, location: 2F 2-2: Ground out 4-3 (Groundball, 4S)
|
Batting: LHB José Hernández
|
0-0: Called Strike 0-1: Ball 1-1: DOUBLE (Groundball, 3L)
|
Batting: RHB Félix Ramos
|
0-0: Called Strike 0-1: Foul Ball, location: 2F 0-2: Foul Ball, location: 2F 0-2: Foul Ball, location: 2F 0-2: Fly out, F8 (Flyball, 8LS)
|
Top of the 9th over - 0 run(s), 1 hit(s), 0 error(s), 1 left on base; Casper 0 - Atlantic City 11 |
|